AoeStats
← f.bdz

Arena

510361434Analyzed
2v2 RM · 21h ago on Sep 30, 2026· 57m 8s· 4 players
Game mode
Random Map
Map size
Medium (4 player)
Population
200
Speed
Normal
Resources
Standard
Victory
Conquest
Starting age
Dark Age
Ending age
Imperial Age
RankedLock teamsTeams togetherTeam positionsShared explorationLock speedFull tech treeHidden civsTurbo modeCheats
Victory
Defeat
🇭🇰 Danes · Hong Kong SAR China
1147
+15
🇭🇰 Persians · Hong Kong SAR China
987
+22
🇧🇷 Britons · Brazil
1138
-19
🇧🇷 Japanese · Brazil
1112
-18
f.bdz
9:02 Feudal Age
9:32 Double-Bit Axe
12:31 Loom
15:18 Castle Age
13:18 Horse Collar
16:56 Wheelbarrow
20:33 Bow Saw
20:54 Heavy Plow
21:08 Gold Mining
25:49 Forging
26:39 Scale Mail Armor
28:10 Gold Shaft Mining
28:16 Ballistics
28:26 Hand Cart
27:58 Town Watch
28:14 Fletching
28:27 Crossbowman
29:18 Padded Archer Armor
33:43 Imperial Age
31:11 Guard Tower
31:25 Gambesons
31:25 Arson
32:07 Masonry
33:15 Iron Casting
32:55 Chain Mail Armor
32:29 Treadmill Crane
33:01 Fortified Wall
32:49 Pikeman
33:55 Elite Skirmisher
34:55 Leather Archer Armor
35:43 Keep
36:52 Halberdier
37:32 Squires
40:13 Chemistry
39:09 Murder Holes
40:24 Town Patrol
43:32 Elite Samurai
46:55 Blast Furnace
46:25 Plate Mail Armor
46:33 Yasama
47:12 Yasama
49:26 Plate Mail Armor
48:52 Bodkin Arrow
49:28 Ring Archer Armor
53:25 Thumb Ring
DKT | BRESSAN
12:08 Feudal Age
12:54 Horse Collar
13:05 Double-Bit Axe
13:26 Gold Mining
15:42 Castle Age
14:12 Stone Mining
15:11 Loom
21:42 Heavy Plow
22:31 Bow Saw
25:21 Fletching
26:21 Wheelbarrow
27:39 Bodkin Arrow
28:20 Hand Cart
28:51 Crossbowman
33:31 Imperial Age
31:44 Padded Archer Armor
35:08 Bracer
35:24 Leather Archer Armor
41:40 Ring Archer Armor
45:43 Two-Man Saw
46:27 Husbandry
45:48 Cavalier
49:14 Conscription
49:18 Yeomen
49:43 Scale Barding Armor
49:50 Forging
54:09 Chain Barding Armor
54:25 Iron Casting
56:15 Plate Barding Armor
55:54 Scale Mail Armor
55:27 Pikeman
56:07 Squires
55:53 Arson
KuPanda
10:40 Feudal Age
12:03 Double-Bit Axe
12:18 Horse Collar
14:54 Castle Age
14:34 Loom
20:12 Wheelbarrow
23:24 Bow Saw
23:31 Fletching
29:33 Imperial Age
27:21 Bodkin Arrow
27:55 Town Watch
29:49 Hand Cart
29:59 Hand Cart
30:25 Gold Mining
30:48 Heavy Plow
33:18 Northmen's Fury
36:51 Onager
44:15 Siege Engineers
45:20 Conscription
46:31 Elite Jomsviking
48:38 Siege Onager
49:51 Squires
53:07 Forging
52:57 Scale Mail Armor
54:24 Gold Shaft Mining
54:16 Town Patrol
56:28 Arson
56:59 Chain Mail Armor
57:19 Iron Casting
Mayho
11:17 Feudal Age
15:07 Castle Age
13:26 Double-Bit Axe
13:23 Horse Collar
24:11 Loom
25:27 Wheelbarrow
24:41 Town Watch
25:57 Bow Saw
25:59 Heavy Plow
27:39 Husbandry
27:50 Bloodlines
29:07 Stone Mining
29:12 Gold Mining
32:27 Imperial Age
30:33 Bloodlines
31:29 Scale Barding Armor
31:35 Forging
32:03 Cavalier
33:08 Conscription
36:08 Chain Barding Armor
36:24 Iron Casting
36:44 Savar
38:57 Murder Holes
40:59 Kamandaran
42:36 Chemistry
41:10 Crossbowman
44:10 Blast Furnace
43:32 Thumb Ring
44:43 Crop Rotation
45:17 Two-Man Saw
47:38 Gold Shaft Mining
47:39 Stone Shaft Mining
56:47 Fletching
57:32 Plate Barding Armor
Connection lost

Rejoining the realm…

Still unreachable

The connection could not be restored.

Session expired

The server has moved on; the page needs a fresh start.